Map: 어스름 탑

Players

星际卡卡西

  • Race: Zerg Zerg
  • League: Grandmaster

llllllllllll (Scarlett) - Winner!

  • Race: Zerg Zerg
  • League: Grandmaster

VOD

Have the link to the VOD?

Description

Time

  • Played on: April 10, 2016, 1:45 a.m.
  • Length: 8:04
Show
View Real Time Build Order
Export as new Build Order

星际卡卡西 Zerg 

Build Orders: Hatch First 

Get SALT Encoding   

  12  0:01  Drone  
  13  0:08  Drone  
  14  0:17  Overlord  
  14  0:22  Extractor  
  14  0:24  Drone  
  15  0:37  Drone x2  
  17  0:52  Hatchery  
  17  0:55  Drone  
  17  0:58  Drone  
  17  1:03  Extractor  
  17  1:13  Spawning Pool  
  17  1:17  Drone  
  17  1:20  Drone  
  18  1:35  Drone  
  18  1:38  Overlord  
  19  1:48  Overlord  
  19  1:59  Drone  
  19  2:00  Queen  
  22  2:03  Queen  
  22  2:07  Metabolic Boost  
  24  2:11  Drone  
  24  2:14  Drone  
  26  2:18  Drone  
  27  2:26  Baneling Nest  
  27  2:27  Zergling x2  
  27  2:30  Drone  
  27  2:33  Drone  
  29  2:50  Hatchery  
  28  2:52  Zergling x2  
  28  2:54  Drone  
  30  3:00  Zergling x4  
  30  3:01  Drone  
  33  3:08  Drone x2  
  33  3:12  Drone x2  
  37  3:17  Baneling x2  
  37  3:18  Drone x2  
  39  3:23  Overlord  
  39  3:31  Overlord  
  39  3:32  Drone x2  
  41  3:34  Drone  
  41  3:41  Queen  
  42  3:45  Drone x2  
  42  3:47  Extractor, Drone  
  46  3:50  Drone x2  
  47  3:56  Lair  
  47  3:59  Drone  
  47  4:00  Extractor  
  47  4:04  Drone x2  
  47  4:08  Drone x2  
  51  4:12  Overlord  
  51  4:14  Drone  
  51  4:17  Drone  
  53  4:21  Drone  
  53  4:24  Extractor, Drone  
  54  4:30  Zergling x4  
  54  4:31  Zergling x4  
  57  4:38  Drone  
  58  4:41  Zergling x2  
  58  4:42  Zergling x2  
  60  4:47  Zergling x2  
  60  4:51  Drone x3  
  64  4:53  Drone  
  64  4:54  Drone  
  64  4:56  Drone x2  
  68  5:02  Drone x2  
  68  5:03  Spire  
  68  5:04  Zergling x2  
  68  5:05  Overseer, Drone  
  66  5:09  Infestation Pit  
  66  5:10  Evolution Chamber x2  
  66  5:11  Drone  
  65  5:14  Extractor  
  65  5:15  Extractor  
  65  5:18  Drone x5  
  68  5:22  Drone x2  
  68  5:23  Overlord, Drone  
  71  5:30  Drone x2  
  71  5:31  Overlord  
  73  5:40  Overlord  
  73  5:41  Zerg Ground Armor Level 1  
  73  5:43  Zerg Melee Weapons Level 1  
  73  5:44  Drone x2  
  75  5:50  Queen, Drone  
  75  5:52  Infestor  
  75  5:56  Infestor x2  
  82  5:58  Hatchery  
  82  5:59  Drone  
  82  6:03  Drone  
  85  6:05  Zergling x10  
  90  6:16  Hive  
  90  6:17  Queen  
  88  6:20  Zergling x10  
  93  6:26  Spore Crawler  
  93  6:28  Spore Crawler x2  
  93  6:31  Spore Crawler x2  
  88  6:33  Queen  
  88  6:34  Drone x2  
  92  6:42  Infestor x2  
  92  6:46  Drone  
  96  6:47  Drone x2  
  96  6:48  Drone  
  96  6:51  Overlord x3  
  97  6:55  Overlord  
  97  6:59  Overlord x2  
  97  7:00  Overlord  
  97  7:05  Overlord  
  96  7:13  Spore Crawler  
  96  7:14  Zergling x2  
  96  7:15  Spore Crawler, Zergling x14  
  102  7:16  Baneling  
  102  7:22  Queen  
  104  7:23  Drone x3  
  104  7:24  Drone  
  104  7:28  Drone  
  109  7:32  Ultralisk Cavern, Drone x2  
  109  7:33  Drone x2  
  109  7:37  Drone  
  113  7:46  Drone  
Show
View Real Time Build Order
Export as new Build Order

llllllllllll Zerg - Winner!

Build Orders: Hatch First 

Get SALT Encoding   

  12  0:01  Drone  
  13  0:09  Drone  
  14  0:19  Overlord  
  14  0:24  Extractor, Drone  
  15  0:37  Drone  
  15  0:38  Drone  
  17  0:51  Hatchery  
  17  0:54  Drone  
  17  0:59  Drone  
  18  1:11  Spawning Pool  
  18  1:14  Extractor  
  18  1:16  Drone  
  17  1:19  Drone  
  18  1:28  Drone  
  19  1:42  Overlord  
  19  1:52  Drone  
  20  1:59  Queen  
  22  2:01  Drone  
  22  2:04  Queen  
  22  2:05  Drone  
  26  2:11  Drone  
  26  2:15  Drone  
  28  2:16  Metabolic Boost  
  28  2:21  Zergling x2  
  29  2:26  Drone  
  30  2:33  Drone  
  30  2:35  Queen  
  33  2:43  Drone  
  34  2:45  Drone  
  35  2:56  Hatchery  
  35  2:58  Baneling Nest  
  33  3:00  Overlord  
  33  3:07  Drone x3  
  36  3:15  Overlord  
  36  3:18  Drone  
  37  3:22  Drone x5  
  37  3:25  Zergling x2  
  43  3:37  Drone  
  43  3:38  Drone  
  43  3:40  Extractor  
  43  3:41  Extractor  
  43  3:42  Lair  
  43  3:48  Drone x6  
  49  3:53  Drone  
  49  3:54  Drone x2  
  52  4:00  Roach Warren  
  51  4:07  Extractor  
  51  4:09  Baneling  
  50  4:16  Zergling x4  
  52  4:17  Drone  
  52  4:18  Drone x4  
  52  4:20  Drone  
  58  4:26  Overlord x2  
  58  4:37  Overlord x2  
  58  4:41  Overseer  
  58  4:42  Spire  
  58  4:43  Drone  
  58  4:50  Drone x3  
  58  4:51  Drone x6  
  67  4:55  Extractor  
  67  4:56  Extractor  
  63  5:03  Zergling x2  
  63  5:04  Zergling x10  
  68  5:11  Glial Reconstitution  
  68  5:18  Drone x4  
  72  5:25  Drone  
  72  5:26  Drone  
  72  5:27  Evolution Chamber, Drone x6  
  79  5:34  Overlord  
  79  5:43  Overlord x2  
  79  5:44  Drone x2  
  79  5:47  Baneling x2  
  79  5:48  Hatchery  
  80  5:50  Overlord x2  
  80  5:54  Mutalisk  
  82  5:57  Zerg Melee Weapons Level 1  
  82  5:58  Mutalisk  
  82  5:59  Mutalisk  
  86  6:07  Mutalisk  
  86  6:08  Mutalisk x3  
  86  6:09  Mutalisk  
  96  6:17  Queen  
  96  6:18  Overlord x2  
  97  6:27  Roach x6  
  109  6:40  Mutalisk x6  
  120  6:50  Roach x5  
  130  7:01  Roach  
  130  7:02  Roach x5  
  142  7:12  Roach x2  
  142  7:13  Roach x3, Overlord  
  142  7:14  Overlord  
  152  7:16  Overlord  
  152  7:24  Overlord x3  
  152  7:29  Baneling x8  
  152  7:30  Baneling x2  
  152  7:33  Zergling x8  
  156  7:40  Roach x3  
Tags
 
Add a new tag
Caveats
  • Supply blocks, unpowered buildings, or Contaminate may cause inaccurate times.
  • Supply counts are checked every 10 seconds.